 Dungeon Crawl Stone Soup version 0.20-a0-187-ge5586d949a (webtiles) character file.

42 mopl the Vexing (level 3, 0/14 HPs)
             Began as a Felid Enchanter on Nov 23, 2016.
             Succumbed to an adder's poison
             ... on level 2 of the Dungeon.
             The game lasted 00:02:59 (1338 turns).

mopl the Vexing (Felid Enchanter)                   Turns: 1338, Time: 00:03:00

Health: 0/14       AC:  1    Str:  2 (4)  XL:     3   Next: 33%
Magic:  1/7        EV: 17    Int: 16 (17) God:
Gold:   60         SH:  0    Dex: 14 (16) Spells: 0/6 levels left
                                        Lives:  0   Deaths: 0

rFire  . . .     SeeInvis +       - Unarmed
rCold  . . .     Gourm    .     (armour unavailable)
rNeg   . . .     Faith    .     (shield unavailable)
rPois  .         Spirit   .     (helmet unavailable)
rElec  .         Reflect  .     (cloak unavailable)
rCorr  .         Harm     .     (gloves unavailable)
MR     .....                    (boots unavailable)
Stlth  +++.......               (no amulet)
                                (no ring)
                                (no ring)

@: lethally poisoned (0 -> -5), quick
A: no armour, no weapons or thrown items, stealth, claws 1, fangs 3, see
invisible, carnivore 3, speed 1, shaggy fur 1, slow metabolism 1, sharp paws
a: no special abilities


You were on level 2 of the Dungeon.
You were very full.

You visited 1 branch of the dungeon, and saw 2 of its levels.

You collected 60 gold pieces.

Inventory:

Scrolls
 e - a scroll of noise {unknown}
 f - a scroll of blinking {unknown}
 g - a scroll of amnesia {unknown}
 i - a scroll of recharging {unknown}
 k - a scroll of enchant weapon {unknown}
Potions
 d - a potion of heal wounds {unknown}
 h - a potion of cancellation
 j - a potion of might {unknown}
 l - 2 potions of flight
Books
 a - a book of Maledictions

   Spells                             Type                      Level
   a - Corona                         Hexes                        1
   b - Ensorcelled Hibernation        Hexes/Ice                    2
   c - Confuse                        Hexes                        3
   d - Tukima's Dance                 Hexes                        3
   e - Dazzling Spray                 Conjuration/Hexes            3
Comestibles
 b - 2 meat rations


   Skills:
 - Level 2.6 Dodging
 * Level 4.7 Stealth
 * Level 1.8 Unarmed Combat
 + Level 2.2 Spellcasting
 * Level 4.9 Hexes
 + Level 0.5 Ice Magic


You couldn't memorise any spells.
You knew the following spells:

 Your Spells              Type           Power        Failure   Level  Hunger
a - Corona                Hex            ###....      2%          1    #......
b - Ensorcelled Hibernat  Hex/Ice        ##....       12%         2    ###....
c - Confuse               Hex            ###.....     10%         3    ###....


Dungeon Overview and Level Annotations

Branches:
Dungeon (2/15)

Altars:

Annotations:
D:2 Ijyb


Innate Abilities, Weirdness & Mutations

You cannot wear armour.
You are incapable of wielding weapons or throwing items.
Your paws allow you to move quietly. (Stealth)
You have sharp claws.
You have razor-sharp teeth.
You have supernaturally acute eyesight. (SInv)
You are carnivorous and can eat meat at any time.
You cover ground quickly.
You are covered in fur. (AC +1)
You have a slow metabolism.
Your sharp claws are effective at attacking unaware monsters.


Message History

You barely miss the adder. Your bite misses the adder.
The adder is lightly wounded.
* * * LOW HITPOINT WARNING * * *
You feel sick. The adder misses you. x2
You scratch the adder but do no damage.
The adder is lightly wounded.
The adder closely misses you.
It was a potion of flight.
You feel very buoyant.
You fly up into the air.
The adder barely misses you.
It was a potion of cancellation.
Your magical effects are unravelling.
You feel magically purged.
Your magical contamination has completely faded away.
You float gracefully downwards.
The adder misses you. The adder bites you.
* * * LOW HITPOINT WARNING * * *
It was a potion of degeneration.
There was something very wrong with that liquid.
You feel weakened.
You feel dopey.
You feel clumsy.
You die...

##### ...
#...##### ....
#<......#
....####........
..............#
.......@.......
..###...S####+##
#...............
##.#...........
.. #.$..##.....
# #.......#+#.
#....##.#
#.........
#<.........


You could see an adder.

Vanquished Creatures
  An adder (D:2)
  A leopard gecko (D:2)
  4 goblins
  3 hobgoblins (D:1)
  3 jackals (D:2)
  3 kobolds (D:1)
  A quokka (D:2)
  A ball python (D:1)
  5 bats
  4 frilled lizards
  5 rats
31 creatures vanquished.

Notes
Turn   | Place    | Note
-------+----------+-------------------------------------------
     0 | D:1      | mopl the Felid Enchanter began the quest for the Orb.
     0 | D:1      | Reached XP level 1. HP: 7/7 MP: 4/4
   131 | D:1      | Reached XP level 2. HP: 11/11 MP: 6/6
   135 | D:1      | Learned a level 2 spell: Ensorcelled Hibernation
   746 | D:2      | Noticed Ijyb
   807 | D:2      | Reached XP level 3. HP: 14/14 MP: 2/7
   833 | D:1      | Learned a level 3 spell: Confuse
  1338 | D:2      | Succumbed to an adder's poison

Vault maps used:
D:1:      lightli_arrival_lavapool, serial_glass, glass_columns_a,
          glass_columns_a, minmay_misc_feat_tiny
D:2:      minmay_door_path, minmay_misc_feat_rows, minmay_tromino_i2, uniq_iyjb,
          uniq_crazy_yiuf_cottage

Action                   || total
-------------------------++-------
Melee: Unarmed           ||    68
       Bite              ||     5
 Cast: Corona            ||     5
       Ensorcelled Hiber ||    23
  Use: Potion            ||     3
 Stab: Sleeping          ||    19
  Eat: Chunk             ||     9
Armor: Skin              ||     7
Dodge: Dodged            ||    64
